 Dungeon Crawl Stone Soup version 0.27-a0-1154-gfdeffcb720 (webtiles) character file.

Game seed: 3271460109202521374

1619 ZappyNine the Skirmisher (level 8, -1/72 HPs)
             Began as a Palentonga Fighter on May 14, 2021.
             Was an Initiate of Qazlal.
             Slain by Maggie
             ... wielding a +0 halberd
              (3 damage)
             ... on level 6 of the Dungeon.
             The game lasted 00:07:10 (7164 turns).

ZappyNine the Skirmisher (Palentonga Fighter)       Turns: 7164, Time: 00:07:10

Health: -1/72      AC: 17    Str: 22    XL:     8   Next: 64%
Magic:  11/11      EV:  6    Int:  8    God:    Qazlal [......]
Gold:   253        SH:  9    Dex: 10    Spells: 7/7 levels left

rFire    . . .     SeeInvis +   e - +2 dagger (venom)
rCold    . . .     Faith    .   c - +0 kite shield
rNeg     . . .     Spirit   .   b - +0 scale mail
rPois    .         Reflect  .   h - +0 helmet
rElec    .         Harm     .   (no cloak)
rCorr    .         Rampage  .   g - +0 pair of gloves
Will     .....                  (no barding)
Stlth    ..........             (no amulet)
HPRegen  0.22/turn              (no ring)
MPRegen  0.12/turn              (no ring)

@: mighty, mesmerised, curled up
A: large, rugged brown scales 3, see invisible, deformed body, roll 1, armoured
tail, reflexive curl
a: Rolling Charge, Renounce Religion


You were on level 6 of the Dungeon.
You worshipped Qazlal.
Qazlal was noncommittal.
You visited 2 branches of the dungeon, and saw 7 of its levels.

You collected 253 gold pieces.

Inventory:

Hand Weapons
 a - a +0 long sword
 e - a +2 dagger of venom (weapon)
Armour
 b - a +0 scale mail (worn)
 c - a +0 kite shield (worn)
 g - a +0 pair of gloves (worn)
 h - a +0 helmet (worn)
Jewellery
 r - the ring "Xomas" {Ice Str+4 SInv}
   (You found it on level 5 of the Dungeon)

   [ring of ice]

   It enhances your ice magic.
   It affects your strength (+4).
   It makes you vulnerable to fire.
   It protects you from cold.
   It lets you see invisible.
 t - a +6 ring of intelligence
Scrolls
 f - 6 scrolls of identify
 i - 3 scrolls of blinking
 j - 2 scrolls of fear {unknown}
 k - a scroll of enchant weapon {unknown}
 l - a scroll of holy word {unknown}
 m - a scroll of fog {unknown}
 n - 3 scrolls of magic mapping {unknown}
 o - a scroll of summoning {unknown}
 p - a scroll of amnesia {unknown}
 q - a scroll of vulnerability {unknown}
 s - a scroll of silence {unknown}


   Skills:
 + Level 7.9 Fighting
 - Level 2.0 Long Blades
 - Level 5.5 Armour
 + Level 3.1 Dodging
 - Level 2.4 Shields
 + Level 4.1 Invocations


You had 7 spell levels left.
You didn't know any spells.
Your spell library contained the following spells:

 Spells                   Type           Power      Damage    Failure   Level
 Freeze                   Ice            0%         1d3       99%         1
 Magic Dart               Conj           0%         1d3       99%         1
 Blink                    Tloc           N/A        N/A       100%        2
 Call Imp                 Summ           0%         N/A       100%        2
 Slow                     Hex            0%         N/A       100%        2
 Conjure Flame            Conj/Fire      0%         6-21      100%        3
 Frozen Ramparts          Ice            0%         1d2       100%        3
 Mephitic Cloud           Conj/Pois/Air  0%         N/A       100%        3
 Ozocubu's Armour         Ice            0%         N/A       100%        3
 Hailstorm                Conj/Ice       0%         3d3       100%        4
 Metabolic Englaciation   Hex/Ice        0%         N/A       100%        5


Dungeon Overview and Level Annotations

Branches:
Dungeon (6/15)             Temple (1/1) D:5

Altars:
Ashenzari
Cheibriados
Dithmenos
Elyvilon
Fedhas
Gozag
Hepliaklqana
Kikubaaqudgha
Makhleb
Nemelex Xobeh
Okawaru
Qazlal
Ru
Sif Muna
Trog
Uskayaw
Vehumet
Wu Jian
Xom
Yredelemnul
Zin
The Shining One

Annotations:
D:6 Maggie


Innate Abilities, Weirdness & Mutations

You are completely covered in rugged brown scales. (AC +3, +7% HP)
You have supernaturally acute eyesight. (SInv)
Armour fits poorly on your strangely shaped body.
You can roll at nearby foes to attack.
You have a long armoured tail.
You curl defensively after being hit.


Message History

You block the phantom's attack. The orc hits you but does no damage. x2
The orc closely misses you.
Unknown command.
Unknown command.
You puncture the orc!
You kill the orc!
Qazlal accepts your kill. Maggie completely misses you.
You block the phantom's attack. The orc wizard barely misses you.
The orc hits you with a +0 falchion. You block the orc's attack.
Unknown command.
You closely miss the orc.
Your tail-slap misses the orc.
Maggie barely misses you. The phantom barely misses you.
You block the orc wizard's attack. The orc hits you but does no damage. x2
Maggie hits you from afar with a +0 halberd!
* * * LOW HITPOINT WARNING * * *
Unknown command.
You puncture the orc!
You kill the orc!
Qazlal accepts your kill. The phantom hits you.
* * * LOW HITPOINT WARNING * * *
The orc wizard hits you but does no damage.
The orc hits you but does no damage.
Maggie gestures wildly while chanting.
Maggie draws you further into her thrall.
The phantom hits you but does no damage.
Maggie hits you with a +0 halberd.
* * * LOW HITPOINT WARNING * * *
You block the phantom's attack.
Things that are here:
a +0 falchion; 15 stones; an orc corpse Unknown command.
You closely miss Maggie.
Maggie is lightly wounded.
The orc wizard gestures at you while chanting.
The magic dart hits you!
* * * LOW HITPOINT WARNING * * *
You block the orc's attack. Maggie hits you with a +0 halberd.
You die...

+...........
........
#..........#
#######.
#######....#
#. #....# #.
#####....#
#.
#........#
##
#.....)..# #
#oo...####
#W@@..#
#.....#
#.....#
#######


You could see Maggie (mesmerising), a phantom, an orc wizard and an orc.

Vanquished Creatures
  A troll (D:5)
  Eustachio (D:4)
  Menkaure (D:5)
  A water moccasin (D:5)
  A black bear (D:5)
  A necrophage (D:4)
  2 ogres (D:4)
  A phantom (D:5)
  A bullfrog (D:4)
  A scorpion (D:5)
  2 hounds (D:4)
  2 centaur skeletons
  A bullfrog skeleton (D:6)
  Natasha (twice) (D:2)
  2 iguanas
  An orc wizard (D:5)
  2 hound skeletons
  3 gnolls (D:5)
  8 adders
  An adder skeleton (D:4)
  A dart slug (D:1)
  16 orcs
  12 ball pythons
  7 endoplasms
  4 giant cockroaches
  9 goblins
  4 hobgoblins
  8 jackals
  4 quokkas
  3 bats (D:3)
  5 frilled lizards
  9 kobolds
  5 rats
122 creatures vanquished.

Notes
Turn   | Place    | Note
-------+----------+-------------------------------------------
     0 | D:1      | ZappyNine the Palentonga Fighter began the quest for the
                  | Orb.
     0 | D:1      | Reached XP level 1. HP: 19/19 MP: 1/1
    73 | D:1      | Reached XP level 2. HP: 15/25 MP: 2/2
   711 | D:1      | You fall into a shaft and drop 1 floor!
  1126 | D:2      | Noticed Natasha
  1133 | D:2      | Killed Natasha
  1134 | D:2      | Reached XP level 3. HP: 32/32 MP: 3/3
  1391 | D:2      | Noticed Natasha
  1400 | D:2      | Killed Natasha
  1401 | D:2      | Reached skill level 4 in Fighting
  1401 | D:2      | Reached XP level 4. HP: 36/39 MP: 4/4
  1470 | D:2      | Found an opulent altar of Gozag.
  1759 | D:3      | You fall into a shaft and drop 1 floor!
  1819 | D:4      | Noticed Eustachio
  1833 | D:4      | Killed Eustachio
  1834 | D:4      | Reached skill level 5 in Fighting
  1834 | D:4      | Reached XP level 5. HP: 6/47 MP: 5/5
  1834 | D:4      | Reached XP level 6. HP: 6/54 MP: 6/6
  2244 | D:4      | HP: 4/81 [necrophage (5)]
  2250 | D:4      | HP: 3/81 [necrophage (2)]
  3061 | D:4      | Reached skill level 6 in Fighting
  3061 | D:4      | Reached skill level 5 in Armour
  3061 | D:4      | Gained mutation: You curl defensively after being hit.
                  | [Palentonga growth]
  3061 | D:4      | Reached XP level 7. HP: 48/62 MP: 7/7
  4451 | D:3      | You fall into a shaft and drop 1 floor!
  5114 | D:5      | Entered Level 5 of the Dungeon
  5124 | D:5      | Found a staircase to the Ecumenical Temple.
  5134 | Temple   | Entered the Ecumenical Temple
  5204 | Temple   | Became a worshipper of Qazlal Stormbringer
  5331 | D:5      | Reached skill level 1 in Dodging
  5331 | D:5      | Reached skill level 1 in Invocations
  5537 | D:5      | Reached skill level 7 in Fighting
  5537 | D:5      | Reached XP level 8. HP: 23/71 MP: 9/9
  5796 | D:5      | Identified the ring "Xomas" {Ice Str+4 SInv}
  6114 | D:5      | Noticed a troll
  6122 | D:5      | Noticed Menkaure
  6126 | D:5      | Killed a troll
  6149 | D:5      | HP: 2/71 [Menkaure (6)]
  6155 | D:5      | HP: 3/71 [Menkaure/nerve-wracking pain (4)]
  6157 | D:5      | Killed Menkaure
  7066 | D:6      | Found an ornate altar of the Wu Jian Council.
  7146 | D:6      | Noticed Maggie
  7164 | D:6      | HP: 2/72 [orc wizard/magic dart (7)]
  7164 | D:6      | Slain by Maggie

Illustrated notes

Levels and vault maps discovered:
D:1:      enne_arrival_octagon_isle, layout_basic
D:2:      mumra_celtic_spiral_tile, layout_basic, basic_altar, uniq_natasha
D:3:      layout_loops_ring, minmay_pentangle
D:4:      layout_layer_cave, uniq_eustachio
D:5:      layout_loops_ring, temple_fountains, serial_bayou,
          serial_bayou_pond_b, serial_bayou_pond_e, serial_bayou_ford_a,
          serial_bayou_shore_b, kennysheep_crisscross, minmay_statues_item,
          nicolae_zen_rock_garden, uniq_menkaure
D:6:      layout_basic, lemuel_doored_altar, uniq_maggie, uniq_blork_the_orc
Temple:   nicolae_temple_the_god_donut

Skill      XL: |  1  2  3  4  5  6  7  8 |
---------------+-------------------------+-----
Armour         | 3 4 5 |  5.5
Fighting       | 4 5 6 7 |  7.9
Dodging        | 1 3 |  3.1
Invocations    | 2 4 |  4.1
Long Blades    | |  2.0
Shields        | |  2.4

Action                   |  1- 3 |  4- 6 |  7- 9 || total
-------------------------+-------+-------+-------++-------
Melee: Dagger            |    60 |   118 |   239 ||   417
       Long sword        |     7 |       |       ||     7
       Tailslap          |     5 |    14 |    41 ||    60
 Abil: Rolling Charge    |     5 |     7 |     1 ||    13
  Use: Potion            |       |     2 |     4 ||     6
       Scroll            |       |       |     1 ||     1
Armor: Scale mail        |    34 |    52 |   158 ||   244
       Skin              |       |    13 |       ||    13
Dodge: Dodged            |    18 |    19 |    69 ||   106
Block: Kite shield       |    28 |    42 |   115 ||   185
       Rpst.: Long sword |     3 |       |       ||     3

Table legend: (Time is in decaauts)
 A = Elapsed time spent in this place.
 B = Non-inter-level travel time spent in this place.
 C = Inter-level travel time spent in this place.
 D = Time resting spent in this place.
 E = Time spent auto-exploring this place.
 F = Levels seen in this place.
 G = Mean time per level.
                   A        B        C        D        E       F      G
               +--------+--------+--------+--------+--------+-----+--------+
         Total |   7262 |   6985 |    277 |   1622 |   4418 |   7 | 1037.4 |
       Dungeon |   7181 |   6932 |    249 |   1622 |   4418 |   6 | 1196.8 |
        Temple |     80 |     52 |     28 |      0 |      0 |   1 |   80.0 |
               +--------+--------+--------+--------+--------+-----+--------+

Top non-repeatable levels by time:
     D:4: 2343 daAuts
     D:5: 1866 daAuts
     D:1: 1047 daAuts
     D:2: 929 daAuts
     D:3: 857 daAuts
     D:6: 137 daAuts
  Temple: 80 daAuts
